 Dungeon Crawl Stone Soup version 0.25.0-9-g26727b657a (webtiles) character file.

Game seed: 14569515467286962676

95 Flugkiller the Shield-Bearer (level 4, -3/42 HPs)
             Began as a Deep Dwarf Fighter on June 20, 2020.
             Slain by a worm (4 damage)
             ... on level 3 of the Dungeon.
             The game lasted 00:00:32 (424 turns).

Flugkiller the Shield-Bearer (Deep Dwarf Fighter)    Turns: 424, Time: 00:00:32

Health: -3/42      AC:  7    Str: 20    XL:     4   Next: 40%
Magic:  2/2        EV:  7    Int:  9    God:
Gold:   62         SH:  9    Dex: 12    Spells: 3/3 levels left

rFire    . . .     SeeInvis .   a - +0 war axe
rCold    . . .     Gourm    .   c - +0 kite shield
rNeg     . . .     Faith    .   b - +0 scale mail
rPois    .         Spirit   .   (no helmet)
rElec    .         Reflect  .   (no cloak)
rCorr    .         Harm     .   (no gloves)
MR       .....                  (no boots)
Stlth    ..........             j - amulet of the acrobat
HPRegen  0.00/turn              (no ring)
MPRegen  0.08/turn              (no ring)

@: non-regenerating
A: damage resistance, heal wounds, sense surroundings 1, no regeneration
a: Heal Wounds


You were on level 3 of the Dungeon.
You were not hungry.

You visited 1 branch of the dungeon, and saw 3 of its levels.

You collected 62 gold pieces.

Inventory:

Hand Weapons
 a - a +0 war axe (weapon)
Armour
 b - a +0 scale mail (worn)
 c - a +0 kite shield (worn)
Jewellery
 j - an amulet of the acrobat (around neck)
   (You found it on level 2 of the Dungeon)
Wands
 i - a wand of iceblast (13)
   (You found it on level 2 of the Dungeon)
Scrolls
 g - a scroll of identify {unknown}
 k - a scroll of fear {unknown}
Potions
 d - a potion of might
 f - 2 potions of curing {unknown}
Comestibles
 e - 4 rations
 h - 6 chunks of flesh


   Skills:
 + Level 3.2 Fighting
 * Level 3.6 Axes
 + Level 3.9 Armour
 + Level 3.9 Shields


You had 3 spell levels left.
You didn't know any spells.
Your spell library was empty.

Dungeon Overview and Level Annotations

Branches:
Dungeon (3/15)

Altars:
Dithmenos
Trog
Xom
Yredelemnul


Innate Abilities, Weirdness & Mutations

You are resistant to damage.
You can heal yourself by infusing magical energy.
You passively map a small area around you.
You do not regenerate.


Message History

The worm is heavily wounded.
You hit the gnoll but do no damage. You slash the giant cockroach!
You kill the giant cockroach!
The gnoll barely misses you.
The gnoll hits you from afar with a +0 spear.
You block the gnoll's attack. The quokka bites you.
You block the gnoll's attack.
You closely miss the gnoll. You hit the quokka. You slash the worm!
The gnoll hits you from afar with a +0 spear.
The quokka twitches its whiskers.
The quokka bites you but does no damage.
The gnoll hits you from afar with a +0 halberd!
* * * LOW HITPOINT WARNING * * *
The worm bites you.
* * * LOW HITPOINT WARNING * * *
The gnoll closely misses you. You block the gnoll's attack.
The quokka barely misses you.
You fail to use your ability.
The gnoll hits you but does no damage. The gnoll closely misses you.
The worm bites you.
You die...

, * * , * * , , ,.
,, * ### , .# * ,
...., .#.###...
*##..## ......(..
,
.......###........
*
................#*
,, ,
.........#......#*
* ,
........@#......#.
*
.......rgw........
, ,
........bgg...!..#
,
.....$...#.(....##
* ,
r.......##..#.###
, ........##.## #
, .........#r#* *
, , .......)s..# ,
,......).†### , ,


You could see a worm, 3 gnolls, a quokka and a bat.

Vanquished Creatures
  A gnoll (D:3)
  5 adders
  A worm (D:2)
  A dart slug (D:1)
  2 leopard geckos
  4 giant cockroaches
  3 goblins (D:2)
  5 hobgoblins
  2 quokkas (D:2)
  A ball python (D:3)
  2 bats (D:2)
  2 frilled lizards (D:3)
  4 kobolds
  5 rats
38 creatures vanquished.

Notes
Turn   | Place    | Note
-------+----------+-------------------------------------------
     0 | D:1      | Flugkiller the Deep Dwarf Fighter began the quest for the
                  | Orb.
     0 | D:1      | Reached XP level 1. HP: 20/20 MP: 1/1
    15 | D:1      | Noticed a merfolk zombie
    20 | D:1      | Noticed a merfolk zombie
    77 | D:3      | Reached XP level 2. HP: 25/27 MP: 2/2
    95 | D:3      | Reached XP level 3. HP: 33/34 MP: 1/1
   125 | D:2      | Found a shadowy altar of Dithmenos.
   133 | D:2      | Found a bloodstained altar of Trog.
   133 | D:2      | Found a basalt altar of Yredelemnul.
   208 | D:2      | Found a shimmering altar of Xom.
   254 | D:2      | Reached XP level 4. HP: 32/42 MP: 2/2
   423 | D:3      | HP: 1/42 [worm (3)]
   424 | D:3      | Slain by a worm

Illustrated notes

Levels and vault maps discovered:
D:1:      shiori_arrival_whats_in_store_for_you, layout_basic
D:2:      layout_rooms, tgw_xom, grunt_temple_overflow_open, first_ration
D:3:      layout_rooms, grunt_temple_overflow_growth_and_decay, tgw_sif,
          nicolae_ru_great_annihilating_truth, zin_scriptorium

Skill      XL: |  1  2 |
---------------+-------+-----
Fighting       | 3 |  3.2
Axes           | 3 |  3.6
Armour         | |  3.9
Shields        | |  3.9

Action                   |  1- 3 |  4- 6 || total
-------------------------+-------+-------++-------
Melee: War axe           |    58 |    42 ||   100
 Abil: Heal Wounds       |     4 |     1 ||     5
Armor: Scale mail        |    56 |    29 ||    85
Dodge: Dodged            |    37 |    20 ||    57
Block: Kite shield       |    70 |    29 ||    99
